Map: Orbital Shipyard

Players

Bop - Winner!

  • Race: Zerg Zerg

Meldo

  • Race: Protoss Protoss

VOD

Have the link to the VOD?

Description

Time

  • Played on: May 2, 2015, 2:56 a.m.
  • Length: 9:11
Show
View Real Time Build Order
Export as new Build Order

Bop Zerg - Winner!

Build Orders: Hatch First, Swarm Host 

Get SALT Encoding   

  12  0:01  Drone  
  13  0:09  Drone  
  14  0:17  Overlord  
  14  0:31  Drone, Extractor x2  
  14  0:32  Drone  
  16  0:36  Drone  
  17  0:54  Hatchery  
  16  0:58  Drone  
  16  1:02  Drone  
  18  1:10  Extractor  
  17  1:17  Spawning Pool  
  16  1:26  Drone x2  
  18  1:34  Drone  
  19  1:41  Drone  
  20  2:03  Queen  
  20  2:06  Zergling x2  
  20  2:07  Zergling x2  
  24  2:09  Queen  
  24  2:14  Metabolic Boost  
  26  2:17  Overlord  
  26  2:20  Drone x2  
  28  2:38  Drone x3  
  28  2:39  Queen  
  33  2:46  Overlord  
  33  2:53  Drone x3  
  36  2:59  Lair  
  36  3:04  Overlord  
  36  3:13  Drone x4  
  40  3:25  Drone x6  
  46  3:30  Extractor  
  46  3:33  Extractor  
  44  3:35  Overlord  
  44  3:37  Drone x2  
  45  3:41  Drone  
  45  3:50  Drone x5  
  50  4:00  Overlord, Infestation Pit  
  49  4:13  Spore Crawler  
  49  4:15  Spore Crawler  
  49  4:16  Drone  
  48  4:17  Queen x2  
  52  4:26  Overlord  
  52  4:30  Overlord  
  52  4:41  Overseer  
  52  4:43  Swarm Host x3  
  52  4:45  Swarm Host  
  64  4:59  Swarm Host  
  67  5:07  Overlord  
  67  5:08  Drone x2  
  67  5:10  Extractor  
  68  5:14  Hatchery  
  68  5:17  Swarm Host  
  68  5:21  Drone  
  71  5:22  Zergling x2  
  71  5:23  Evolution Chamber  
  71  5:32  Swarm Host  
  74  5:40  Zergling x14  
  81  5:54  Overlord  
  81  5:58  Zergling x10  
  86  6:06  Swarm Host  
  83  6:18  Zergling x2  
  83  6:19  Zergling x4  
  73  6:38  Swarm Host x3  
  69  6:50  Zergling x16  
  69  6:51  Queen, Zergling x2  
  82  6:59  Swarm Host  
  85  7:05  Zergling x2  
  76  7:30  Hatchery  
  76  7:31  Swarm Host x2  
  81  7:41  Hatchery  
  80  7:50  Hydralisk Den  
  79  8:24  Hydralisk x3  
  80  8:36  Hydralisk  
  82  8:46  Hydralisk x2  
Show
View Real Time Build Order
Export as new Build Order

Meldo Protoss 

Build Orders: Nexus First 

Get SALT Encoding   

  12  0:02  Probe  
  13  0:15  Pylon  
  13  0:17  Probe  
  14  0:33  Probe (Chrono Boost)  
  15  0:45  Probe (Chrono Boost)  
  16  0:51  Probe (Chrono Boost)  
  17  1:04  Nexus  
  17  1:05  Probe  
  18  1:19  Gateway  
  18  1:21  Probe (Chrono Boost)  
  20  1:32  Probe (Chrono Boost)  
  20  1:34  Assimilator  
  20  1:43  Probe (Chrono Boost), Pylon  
  21  1:52  Assimilator  
  21  2:00  Probe  
  22  2:10  Cybernetics Core  
  22  2:14  Probe (Chrono Boost)  
  23  2:16  Pylon  
  23  2:22  Probe (Chrono Boost)  
  24  2:26  Probe (Chrono Boost)  
  26  2:31  Probe (Chrono Boost)  
  26  2:32  Probe (Chrono Boost)  
  27  2:43  Probe (Chrono Boost)  
  29  2:46  Probe (Chrono Boost)  
  29  2:47  Warp Gate (Chrono Boost)  
  31  2:52  Mothership Core (Chrono Boost)  
  31  2:55  Probe (Chrono Boost)  
  31  2:57  Sentry (Chrono Boost)  
  34  3:05  Probe  
  35  3:09  Pylon x2  
  35  3:10  Probe  
  36  3:13  Pylon  
  36  3:14  Gateway  
  36  3:16  Gateway  
  36  3:26  Probe (Chrono Boost)  
  38  3:31  Probe (Chrono Boost)  
  38  3:36  Forge  
  38  3:38  Gateway  
  38  3:40  Gateway  
  38  3:46  Sentry (Chrono Boost)  
  39  3:48  Probe x2  
  40  4:00  Probe x2  
  42  4:04  Protoss Ground Weapons Level 1 (Chrono Boost)  
  42  4:07  Pylon  
  42  4:12  Probe  
  42  4:13  Probe  
  44  4:24  Probe  
  44  4:25  Probe  
  44  4:30  Pylon  
  46  4:34  Gateway  
  46  4:35  Gateway  
  46  4:38  Gateway  
  46  4:44  Sentry  
  46  4:45  Sentry  
  50  4:46  Sentry  
  50  4:50  Zealot  
  50  4:51  Zealot  
  56  5:16  Gateway  
  56  5:17  Zealot x3  
  56  5:18  Zealot x2  
  56  5:19  Gateway  
  66  5:32  Assimilator  
  66  5:33  Assimilator  
  66  5:35  Zealot x2  
  70  5:46  Zealot x4  
  70  5:47  Zealot x2  
  82  6:03  Robotics Facility  
  77  6:08  Zealot x3  
  81  6:26  Zealot x2  
  81  6:38  Pylon  
  73  6:42  Protoss Ground Armor Level 1 (Chrono Boost)  
  73  6:43  Pylon  
  73  6:44  Pylon  
  61  6:59  Mothership Core (Chrono Boost)  
  64  7:04  Observer  
  64  7:06  Probe (Chrono Boost)  
  65  7:11  Nexus  
  65  7:12  Zealot x5  
  65  7:13  Probe (Chrono Boost), Zealot x2  
  72  7:18  Stalker  
  64  7:25  Probe  
  64  7:27  Immortal  
  63  7:35  Pylon  
  63  7:44  Stargate  
  63  7:48  Stargate  
  64  7:52  Probe (Chrono Boost)  
  64  7:53  Probe (Chrono Boost)  
  64  7:54  Assimilator  
  65  7:59  Photon Cannon  
  65  8:08  Pylon  
  65  8:19  Pylon  
  51  8:49  Nexus  
  51  8:55  Zealot x4  
  59  8:56  Zealot x2  
Tags
 
Add a new tag
Caveats
  • Supply blocks, unpowered buildings, or Contaminate may cause inaccurate times.
  • Supply counts are checked every 10 seconds.